 Dungeon Crawl Stone Soup version 0.26.0-90-g5fd8617961 (webtiles) character file.

Game seed: 9624443946481439127

37 H0rd4k the Insei (level 3, -4/23 HPs)
             Began as an Octopode Transmuter on Feb 2, 2021.
             Slain by a centaur (8 damage)
             ... on level 2 of the Dungeon.
             The game lasted 00:01:26 (1821 turns).

H0rd4k the Insei (Octopode Transmuter)              Turns: 1821, Time: 00:01:27

Health: -4/23      AC:  1    Str: 10    XL:     3   Next: 39%
Magic:  6/6        EV: 13    Int: 15    God:
Gold:   37         SH:  0    Dex: 12    Spells: 5/6 levels left

rFire    . . .     SeeInvis .     - Unarmed
rCold    . . .     Faith    .   (no shield)
rNeg     . . .     Spirit   .   (helmet restricted)
rPois    .         Reflect  .   (no amulet)
rElec    .         Harm     .   (no ring)
rCorr    .         Rampage  .   (no ring)
Will     .....                  (no ring)
Stlth    ++........             (no ring)
HPRegen  0.07/turn              (no ring)
MPRegen  0.10/turn              (no ring)
                                (no ring)
                                (no ring)

@: brilliant
A: almost no armour, stealthy swim, amphibious, 8 rings, constrict 8, camouflage
1, gelatinous body 1
a: no special abilities


You were on level 2 of the Dungeon.
You visited 1 branch of the dungeon, and saw 2 of its levels.

You collected 37 gold pieces.

Inventory:

Scrolls
 b - a scroll of noise {unknown}
 c - 3 scrolls of identify {unknown}
 e - 3 scrolls of remove curse {unknown}
 h - 3 scrolls of magic mapping {unknown}
Potions
 a - 3 potions of brilliance
 d - a potion of flight {unknown}
 f - a potion of curing {unknown}
 g - a potion of mutation {unknown}


   Skills:
 + Level 1.3 Fighting
 + Level 2.4 Dodging
 + Level 0.4 Stealth
 + Level 3.5 Unarmed Combat
 + Level 2.2 Spellcasting
 + Level 2.1 Transmutations


You had 5 spell levels left.
You knew the following spells:

 Your Spells              Type           Power        Failure   Level
a - Beastly Appendage     Tmut           24%          9%          1

Your spell library contained the following spells:

 Spells                   Type           Power        Failure   Level
 Wereblood                Tmut           12%          14%         2
 Spider Form              Tmut/Pois      3%           38%         3
 Ice Form                 Ice/Tmut       7%           80%         4
 Blade Hands              Tmut           6%           94%         5


Dungeon Overview and Level Annotations

Branches:
Dungeon (2/15)

Altars:
Gozag


Innate Abilities, Weirdness & Mutations

You cannot wear most types of armour.
You are very stealthy in the water. (Stealth+)
You are amphibious.
You can wear up to eight rings at the same time.
You can use your tentacles to constrict eight enemies at once.
Your skin changes colour to match your surroundings (Stealth+).
Your rubbery body absorbs attacks. (AC +1, EV +1)


Message History

The centaur hits you. The centaur closely misses you.
You barely miss the centaur.
The centaur is lightly wounded.
The centaur barely misses you.
The kobold throws a stone.
The stone misses you.
There are monsters nearby!
You tentacle-slap the centaur.
The centaur is lightly wounded.
The centaur hits you!
The kobold throws a stone.
The stone hits you but does no damage. The centaur hits you.
* * * LOW HITPOINT WARNING * * *
There are monsters nearby!
You are too injured to fight recklessly!
You aren't carrying any items that you can evoke.
Casting: Beastly Appendage (safe; 9% risk of failure)
Confirm with . or Enter, or press ? or * to list all spells.
You don't know that spell.
It was a potion of brilliance.
You feel clever all of a sudden. The centaur closely misses you.
The centaur hits you!
You die...

# .# #########..#
#.......#..#
######+##.###......#
#...........+......#
#........_..#...(..#
#.............#+#..#
.##.......#.#...@(...#.##
.##.......#.#..##c.......
.##.......#.####)K#....##
.##.......#.# #..##....#
.##.........##gK. ...#
.##.......###..## #.##
.##.......##..# ##
....#######..# ....# ..#


You could see a centaur and a kobold.

Vanquished Creatures
  An adder (D:2)
  A leopard gecko (D:1)
  2 bats (D:1)
  3 giant cockroaches
  3 goblins (D:1)
  6 hobgoblins
  2 ball pythons (D:1)
  2 frilled lizards (D:1)
  2 kobolds
  5 rats
27 creatures vanquished.

Notes
Turn   | Place    | Note
-------+----------+-------------------------------------------
     0 | D:1      | H0rd4k the Octopode Transmuter began the quest for the Orb.
     0 | D:1      | Reached XP level 1. HP: 13/13 MP: 3/3
   461 | D:1      | Reached XP level 2. HP: 13/18 MP: 5/5
  1473 | D:2      | Reached XP level 3. HP: 7/23 MP: 4/6
  1782 | D:2      | Found an opulent altar of Gozag.
  1814 | D:2      | Noticed a centaur
  1821 | D:2      | Slain by a centaur

Illustrated notes

Levels and vault maps discovered:
D:1:      dpeg_arrival_renting, layout_basic, chequers_serial_rivers_small_3,
          minmay_misc_feat_rows, nrook_campfire
D:2:      minmay_alternating_diamond, layout_basic, nicolae_gozag_seed_capital,
          lemuel_blue_sif_altar, uniq_terence, uniq_natasha

Action                   || total
-------------------------++-------
Melee: Unarmed           ||    61
       Constrict         ||    15
       Tentacles         ||    11
       Punch             ||     1
       Kick              ||     3
 Cast: Beastly Appendage ||     2
  Use: Potion            ||     1
 Stab: Sleeping          ||     2
Armor: Skin              ||     3
Dodge: Dodged            ||    27
